 Dungeon Crawl Stone Soup version 0.18-a0-1430-g9c1b2fb (webtiles) character file.

43 Geeful the Firebug (level 3, 26/26 HPs)
             Began as a Draconian Fire Elementalist on Feb 27, 2016.
             Got out of the dungeon alive.
             The game lasted 00:05:47 (1228 turns).

Geeful the Firebug (Draconian Fire Elementalist)    Turns: 1228, Time: 00:05:47

Health: 26/26      AC:  5    Str: 10    XL:     3   Next: 37%
Magic:  7/7        EV: 12    Int: 16    God:
Gold:   69         SH:  0    Dex: 11    Spells: 2 memorised, 3 levels left

rFire  . . .     SeeInvis .     d - +0 dagger
rCold  . . .     Gourm    .     (armour unavailable)
rNeg   . . .     Faith    .     (no shield)
rPois  .         Spirit   .     (helmet restricted)
rElec  .         Dismiss  .     (no cloak)
rCorr  .         Reflect  .     (no gloves)
SustAt .         Harm     .     (no boots)
MR     .....                    c - amulet of magic regeneration
Stlth  ++........               (no ring)
                                (no ring)

@: not resistant to hostile enchantments, unstealthy
A: unfitting armour, cold-blooded, AC +5
a: no special abilities


You escaped.
You were not hungry.

You visited 1 branch of the dungeon, and saw 1 of its levels.

You collected 69 gold pieces.

Inventory:

Hand Weapons
 d - a +0 dagger (weapon)
Missiles
 g - 60 stones (quivered)
 o - 10 poisoned needles
Jewellery
 c - an amulet of magic regeneration (around neck)
Scrolls
 l - 2 scrolls of recharging {unknown}
 n - a scroll of random uselessness {unknown}
 p - 2 scrolls of amnesia {unknown}
Potions
 e - 2 potions of lignification {unknown}
 i - a potion of brilliance {unknown}
 k - a potion of might {unknown}
 m - a potion of haste {unknown}
 q - a potion of cure mutation {unknown}
Books
 a - a book of Flames

   Spells                             Type                      Level
   a - Flame Tongue                   Conjuration/Fire             1
   b - Throw Flame                    Conjuration/Fire             2
   c - Conjure Flame                  Conjuration/Fire             3
   d - Inner Flame                    Hexes/Fire                   3
   e - Sticky Flame                   Conjuration/Fire             4
   f - Fireball                       Conjuration/Fire             5
Comestibles
 b - a bread ration
 h - 2 meat rations
 j - a slice of pizza


   Skills:
 - Level 1.7 Dodging
 - Level 1.7 Stealth
 + Level 2.6 Spellcasting
 + Level 2.1 Conjurations
 + Level 3.4 Fire Magic


You had 3 spell levels left.
You knew the following spells:

 Your Spells              Type           Power        Failure   Level  Hunger
a - Flame Tongue          Conj/Fire      ##...        10%         1    #......
b - Conjure Flame         Conj/Fire      ##......     21%         3    ###....


Dungeon Overview and Level Annotations

Branches:
Dungeon (1/15)

Altars:


Innate Abilities, Weirdness & Mutations

Your plain brown scales are hard (AC +5).
Your body does not fit into most forms of armour.
You are cold-blooded and may be slowed by cold attacks.


Message History

The flame tongue misses the kobold.
Casting: Flame Tongue
Confirm with . or Enter, or press ? or * to list all spells.
Aiming: Flame Tongue
Press: ? - help, Shift-Dir - straight line, f/p - kobold
Aim: a kobold, wielding a whip The flame tongue hits the kobold.
You kill the kobold!
You see here a whip.
Some of the chunks of flesh in your inventory have rotted away.
Found a robe.
l - 2 scrolls labeled QAUFUJUROGE (gained 1)
You now have 69 gold pieces (gained 5).
There is a fountain of clear blue water here.
q - a lumpy orange potion Done exploring.
All of the chunks of flesh in your inventory have rotted away.
There is a staircase leading out of the dungeon here.
Are you sure you want to leave the Dungeon?
This will make you lose the game!
You have escaped!

######......................### #
..##....#.####.####.####.##...###
###..###...##...##...##...###..#.
# #.## #.⌠.##.⌠.##.⌠.##.⌠.# ##.##
# #.####...##...##...##...####.#
# #...###.####.####.####.###...#
###.⌠.###.####.####.####.###.⌠.#
..#............................##
..##.##.........@..........##.##.
###............................##
#.⌠†###.####.####.####.###.⌠.##
#...###.####.####.####.###...##
#.####...##...##...##...####.#
#.## #.⌠.##.⌠.##.⌠.##.⌠.# ##.##
###..###..)##...##...##[..###..#.
..##...##.####.####.####.##...###
######.........)............####.


There were no monsters in sight!

Vanquished Creatures
  An adder (D:1)
  An ooze (D:1)
  2 dart slugs (D:1)
  A giant gecko (D:1)
  4 giant cockroaches (D:1)
  7 goblins (D:1)
  A hobgoblin (D:1)
  3 kobolds (D:1)
  2 giant newts (D:1)
  2 rats (D:1)
24 creatures vanquished.

Notes
Turn   | Place    | Note
--------------------------------------------------------------
     0 | D:1      | Geeful the Draconian Fire Elementalist began the quest for the Orb.
     0 | D:1      | Reached XP level 1. HP: 14/14 MP: 3/3
   288 | D:1      | Reached XP level 2. HP: 17/20 MP: 3/5
   728 | D:1      | Reached XP level 3. HP: 26/26 MP: 3/6
   741 | D:1      | Learned a level 3 spell: Conjure Flame
  1228 | D:$      | Got out of the dungeon alive.

Vault maps used:
D:1:      dpeg_arrival_chambers_temple_mockup

Skill      XL: |  1  2 |
---------------+-------+-----
Conjurations   | 2 |  2.1
Dodging        | |  1.7
Stealth        | |  1.7
Spellcasting   | |  2.6
Fire Magic     | |  3.4

Action                   || total
-------------------------++-------
Melee: Dagger            ||    30
       Unarmed           ||     1
Throw: Stone             ||     7
 Cast: Flame Tongue      ||    35
  Eat: Chunk             ||     1
